 Seeded DCSS version 0.28-a0-861-ge64d6db94f (webtiles) character file.

Game seed: 20211113 (custom seed)

65 a11behringer the Skirmisher (level 3, -3/33 HPs)
             Began as a Draconian Cinder Acolyte on Nov 16, 2021.
             Was a High Priest of Ignis.
             Slain by an orc (4 damage)
             ... on level 3 of the Dungeon.
             The game lasted 00:05:20 (2022 turns).

a11behringer the Skirmisher (DrCA)                  Turns: 2022, Time: 00:05:20

Health: -3/33      AC:  6    Str: 16    XL:     3   Next: 92%
Magic:  2/4        EV: 11    Int: 15    God:    Ignis [*****.]
Gold:   52         SH:  0    Dex:  6    Spells: 2/4 levels left

rFire   + . .      SeeInvis .   a - -1 falchion (flame)
rCold   . . .      Faith    .   (no shield)
rNeg    . . .      Spirit   .   (armour unavailable)
rPois   .          Reflect  .   (helmet restricted)
rElec   .          Harm     .   (no cloak)
rCorr   .          Rampage  .   (no gloves)
Will    .....                   i - +0 pair of boots
Stlth   +.........              (no amulet)
HPRegen 0.11/turn               (no ring)
MPRegen 0.09/turn               (no ring)

@: no status effects
A: AC +5, unfitting armour, cold-blooded
a: Renounce Religion, Sea of Fire, Foxfire Swarm, Rising Flame


You were on level 3 of the Dungeon.
You worshipped Ignis.
Ignis was extremely pleased with you.
You visited 1 branch of the dungeon, and saw 3 of its levels.

You collected 52 gold pieces.

Inventory:

Hand Weapons
 a - a -1 falchion of flaming (weapon)
Armour
 e - a +0 tower shield
 i - a +0 pair of boots (worn)
Scrolls
 c - a scroll of identify
 d - 2 scrolls of teleportation {unknown}
 f - a scroll of immolation {unknown}
 h - a scroll of silence {unknown}
Potions
 b - 2 potions of curing
 g - a potion of degeneration {unknown}


   Skills:
 + Level 3.8 Fighting
 + Level 3.5 Long Blades
 + Level 0.9 Dodging
 + Level 0.3 Stealth
 + Level 1.2 Spellcasting
 + Level 3.6 Fire Magic


You had 2 spell levels left.
You knew the following spells:

 Your Spells              Type           Power      Damage    Failure   Level
a - Scorch                Fire           22%        2d6       9%          2

Your spell library contained the following spells:

 Spells                   Type           Power      Damage    Failure   Level
 Blink                    Tloc           0%         N/A       36%         2
 Passwall                 Tmut/Erth      0%         N/A       36%         2
 Swiftness                Air            0%         N/A       58%         3
 Flame Wave               Conj/Fire      6%         3d4       75%         4
 Manifold Assault         Tloc           0%         N/A       100%        5
 Summon Cactus Giant      Summ           0%         N/A       100%        6
 Storm Form               Tmut/Air       0%         N/A       100%        7


Dungeon Overview and Level Annotations

Branches:
Dungeon (3/15)

Altars:


Innate Abilities, Weirdness & Mutations

Your plain brown scales are hard. (AC +5)
You cannot fit into any form of body armour.
You are cold-blooded and may be slowed by cold attacks.


Message History

The orc wizard is almost dead.
The orc wizard hits you with a +0 dagger.
The orc hits you but does no damage. The orc wizard barely misses you.
The orc hits you but does no damage.
You closely miss the orc wizard.
The orc wizard is almost dead.
The orc wizard gestures at you while chanting.
The puff of flame misses you.
The orc hits you with a +0 vorpal flail.
* * * LOW HITPOINT WARNING * * *
You closely miss the orc wizard.
The orc wizard is almost dead.
The orc wizard closely misses you. The orc hits you but does no damage.
You barely miss the orc wizard.
The orc wizard is almost dead.
The orc wizard hits you but does no damage.
The orc barely misses you.
You hit the orc wizard. You burn the orc wizard.
You kill the orc wizard!
The orc hits you with a +0 vorpal flail.
* * * LOW HITPOINT WARNING * * *
x2 You closely miss the orc.
You tail-slap the orc.
The orc is heavily wounded.
The orc hits you with a +0 vorpal flail.
* * * LOW HITPOINT WARNING * * *
x2 You barely miss the orc.
The orc is heavily wounded.
The orc barely misses you.
You barely miss the orc.
The orc is heavily wounded.
The orc closely misses you.
You barely miss the orc.
The orc is heavily wounded.
The orc hits you with a +0 vorpal flail.
* * * LOW HITPOINT WARNING * * *
x2 You hit the orc but do no damage.
You tail-slap the orc, but do no damage.
The orc is heavily wounded.
The orc hits you with a +0 vorpal flail.
You die...

###########
#.........#
#.........#
#.........#
#........>#
#.<.......#
#..@......#
###)o......
#..).....
.........
......?..
..........
..........
....####+##


You could see an orc.

Vanquished Creatures
  An orc wizard (D:3)
  2 dart slugs
  An orc (D:3)
  4 endoplasms
  A giant cockroach (D:2)
  5 goblins
  3 hobgoblins
  4 jackals (D:1)
  4 kobolds (D:1)
  A quokka (D:2)
  2 ball pythons
  A bat (D:2)
  A frilled lizard (D:2)
  A rat (D:2)
31 creatures vanquished.

Vanquished Creatures (others)
  A plant (D:2)
1 creature vanquished.

Grand Total: 32 creatures vanquished

Notes
Turn   | Place    | Note
-------+----------+-------------------------------------------
     0 | D:1      | a11behringer the Draconian Cinder Acolyte began the quest
                  | for the Orb.
     0 | D:1      | Reached XP level 1. HP: 19/19 MP: 2/2
   336 | D:1      | Reached XP level 2. HP: 25/26 MP: 3/3
   983 | D:2      | Learned a level 2 spell: Scorch
  1120 | D:2      | Reached XP level 3. HP: 33/33 MP: 1/4
  2021 | D:3      | HP: 1/33 [orc (1)]
  2022 | D:3      | Slain by an orc

Illustrated notes

Levels and vault maps discovered:
D:1:      minmay_arrival_four_loops, layout_loops_ring
D:2:      layout_loops_ring, serial_forest, infiniplex_forest_clump_medium,
          infiniplex_forest_straight_1, infiniplex_forest_straight_2,
          infiniplex_forest_split
D:3:      layout_basic, mainiacjoe_overflow_boulevard, serial_shops,
          nicolae_shop_overgrown_old_shop, minmay_surrounded, uniq_jessica,
          uniq_terence

Action                   || total
-------------------------++-------
Melee: Falchion          ||   104
       Tailslap          ||     7
 Cast: Scorch            ||    10
  Use: Potion            ||     1
       Scroll            ||     1
Armor: Skin              ||    40
Dodge: Dodged            ||    68

Table legend: (Time is in decaauts)
 A = Elapsed time spent in this place.
 B = Non-inter-level travel time spent in this place.
 C = Inter-level travel time spent in this place.
 D = Time resting spent in this place.
 E = Time spent auto-exploring this place.
 F = Levels seen in this place.
 G = Mean time per level.
                   A        B        C        D        E       F      G
               +--------+--------+--------+--------+--------+-----+--------+
         Total |   2045 |   1879 |    166 |      0 |   1626 |   3 |  681.7 |
       Dungeon |   2045 |   1879 |    166 |      0 |   1626 |   3 |  681.7 |
               +--------+--------+--------+--------+--------+-----+--------+

Top non-repeatable levels by time:
     D:2: 1082 daAuts
     D:1: 939 daAuts
     D:3: 23 daAuts
